 Dungeon Crawl Stone Soup version 0.24.0 (webtiles) character file.

Game seed: 5091307018594729075, levelgen mode: deterministic

6988 MisterOstroum the Fighter (level 10, 10/73 HPs)
             Began as a Demonspawn Transmuter on Oct 24, 2019.
             Was an Elder of Makhleb.
             Quit the game on level 9 of the Dungeon on Oct 25, 2019.
             The game lasted 00:50:54 (15109 turns).

MisterOstroum the Fighter (Demonspawn Transmuter)  Turns: 15109, Time: 00:50:55

Health: 10/73      AC:  7    Str: 13    XL:     10   Next: 81%
Magic:  13/17      EV: 12    Int: 15    God:    Makhleb [****..]
Gold:   507        SH:  3    Dex: 12    Spells: 12/19 levels left

rFire    + + +     SeeInvis .     - Unarmed
rCold    + + .     Gourm    .   (no shield)
rNeg     . . .     Faith    .   b - +0 robe
rPois    .         Spirit   .   x - +1 helmet
rElec    .         Reflect  +   F - scarf {rC+ rF+}
rCorr    .         Harm     .   (no gloves)
MR       .....                  (no boots)
Stlth    +.........             A - +3 amulet of reflection
HPRegen  0.22/turn              (no ring)
MPRegen  0.15/turn              d - ring of protection from fire

@: very slightly contaminated
A: claws 1, icy blue scales 2, clumsy 1, cold resistance 1, fire resistance 2,
frail 1, evolution 1, no potion heal 1, flame cloud immunity
a: Minor Destruction, Lesser Servant of Makhleb, Major Destruction, Renounce
Religion


You were on level 9 of the Dungeon.
You worshipped Makhleb.
Makhleb was greatly pleased with you.
You were very hungry.

You visited 1 branch of the dungeon, and saw 10 of its levels.

You collected 507 gold pieces.

Inventory:

Hand Weapons
 c - a +1 shortbow of velocity
Missiles
 a - 183 arrows
 h - 28 poisoned darts (quivered)
 l - 239 stones
Armour
 b - a +0 robe (worn)
 v - a +0 robe of positive energy
 x - a +1 helmet (worn)
 F - a scarf of resistance (worn)
Jewellery
 d - a ring of protection from fire (right claw)
 q - an uncursed amulet of guardian spirit {unknown}
 s - an uncursed amulet of regeneration {unknown}
 A - a +3 amulet of reflection (around neck)
 E - an uncursed ring of flight {unknown}
Wands
 r - a wand of paralysis (2)
 z - a wand of disintegration (19)
 D - a wand of polymorph (10)
 H - a wand of iceblast (7)
Scrolls
 n - a scroll of identify {@r1}
 o - a scroll of blinking {@r4}
 t - 3 scrolls of amnesia {unknown}
 u - 2 scrolls of remove curse {@r2}
 y - 2 scrolls of fear {unknown}
 C - 2 scrolls of teleportation {@r3 !r}
Potions
 f - 3 potions of lignification {@q6}
 g - a potion of heal wounds {@q2 !q}
 i - a potion of degeneration {unknown}
 j - a potion of curing {@q1 !q}
 k - a potion of brilliance {unknown}
 m - 4 potions of flight
 w - a potion of ambrosia {unknown}
 G - 2 potions of haste {@q4 !q}
Comestibles
 e - 11 rations
 B - 5 chunks of flesh


   Skills:
 * Level 8.6 Fighting
 - Level 1.7 Dodging
 * Level 8.2 Unarmed Combat
 - Level 5.0 Spellcasting
 + Level 6.5 Transmutations
 - Level 6.1 Ice Magic
 - Level 5.1 Invocations


You had 12 spell levels left.
You knew the following spells:

 Your Spells              Type           Power        Failure   Level  Hunger
a - Beastly Appendage     Tmut           ###...       1%          1    None
b - Sticks to Snakes      Tmut           ###.....     1%          2    ##.....
c - Ice Form              Ice/Tmut       ###.....     12%         4    ####...

Your spell library contained the following spells:

 Spells                   Type           Power        Failure   Level  Hunger
 Spider Form              Tmut/Pois      ##........   13%         3    ###....
 Blade Hands              Tmut           ###.......   30%         5    ######.


Dungeon Overview and Level Annotations

Branches:
Dungeon (10/15)            Temple (0/1) D:5            Lair (0/6) D:8
    Orc: D:9-12

Altars:
Elyvilon
Makhleb
Qazlal
Yredelemnul
The Shining One


Innate Abilities, Weirdness & Mutations

You have sharp fingernails.
You are mostly covered in icy blue scales. (AC +3)
Your flesh is very heat resistant. (rF++)
You are immune to clouds of flame.
You are clumsy. (Dex -2)
Your flesh is cold resistant. (rC+)
You are frail. (-10% HP)
You evolve.
Potions are less effective at restoring your health.


Message History

The orc wizard's wounds heal themselves!
You block the orc priest's attack. The hound misses you.
The orc wizard hits you but does no damage.
You are electrocuted!
You punch the orc priest! You freeze the orc priest.
You kill the orc priest!
Makhleb accepts your kill.
You feel better. The hound bites you but does no damage.
The orc priest hits you from afar with a +0 trident.
The orc wizard hits you but does no damage.
You punch the orc wizard! You freeze the orc wizard.
The orc wizard is almost dead.
The hound bites you.
The orc priest hits you but does no damage.
The hound barely misses you.
The orc wizard mumbles some strange words.
The orc wizard blinks!
You punch the hound! You freeze the hound.
The hound is almost dead.
The hound bites you.
The orc priest hits you from afar with a +0 trident!
* * * LOW HITPOINT WARNING * * *
The hound bites you.
* * * LOW HITPOINT WARNING * * *
The orc wizard points at you and mumbles some strange words.
You feel yourself slow down. The orc priest barely misses you.
The hound bites you.
* * * LOW HITPOINT WARNING * * *
You hit the orc priest. You freeze the orc priest.
The orc priest is heavily wounded.
The orc wizard casts a spell at you. The magic dart hits you.
* * * LOW HITPOINT WARNING * * *
The hound bites you but does no damage.
The orc wizard casts a spell.
The orc wizard blinks!
The orc priest barely misses you.
You hit the hound. You freeze the hound.
You kill the hound!
Makhleb accepts your kill. You block the orc priest's attack.
You punch the orc priest! You freeze the orc priest.
You kill the orc priest!
Makhleb accepts your kill.
You feel better.
The orc wizard gestures wildly while chanting.
The orc wizard blinks!
The orc wizard mumbles some strange words.
The orc wizard blinks!
Found 18 gold pieces.
You hit the orc wizard but do no damage.
The orc wizard is almost dead.
The orc wizard hits you but does no damage.
The orc wizard casts a spell.
The orc wizard blinks!
The orc wizard casts a spell.
The orc wizard seems to speed up.
The orc wizard gestures at you while chanting.
The magic dart hits you!
* * * LOW HITPOINT WARNING * * *
Found a stone staircase leading up.
The orc wizard mumbles some strange words.
The orc wizard blinks!
The orc wizard gestures at you while chanting.
The magic dart hits you.
* * * LOW HITPOINT WARNING * * *
The orc wizard casts a spell.
The orc wizard blinks!
You warm up again.
Your +1 shortbow of velocity unmelds from your body.
Your scarf of resistance unmelds from your body.
Your +1 helmet unmelds from your body.
Your +0 robe unmelds from your body.
You feel resistant to extremes of temperature.
Firing (i - inventory. (/) - cycle)
a - 184 arrows (quivered)
Press: ? - help, Shift-Dir - straight line, f/p - orc wizard
Aim: an orc wizard, wielding a +0 dagger of electrocution and wearing a +0 robe (almost dead, fast)
You shoot an arrow.
The arrow closely misses the orc wizard.
The orc wizard casts a spell at you.
The magic dart hits you but does no damage.
You are now empty-clawed.
The orc wizard gestures at you while chanting.
The magic dart hits you!
* * * LOW HITPOINT WARNING * * *
There isn't anything here!
You scratch the orc wizard.
You kill the orc wizard!
Makhleb accepts your kill.
You feel yourself speed up.
Things that are here:
a +0 dagger of electrocution; a +0 robe; an orc corpse
Things that are here:
a +0 dagger of electrocution; a +0 robe; an orc corpse You butcher the orc corpse.
B - 5 chunks of flesh (gained 1)
Things that are here:
a +0 dagger of electrocution; a +0 robe; an orc skeleton
There is a stone staircase leading up here.
You climb upwards.
There is a stone staircase leading down here.
Are you sure you want to abandon this character and quit the game? (Confirm with "yes".)

.# #......### #......# .##
#......'.### #......#
..####).....#รท..###......#
#....'..?...###...+......#
######......# #####......#
##'##### ##.##### ###.#
####..### #...# ###.......#
##+##### #..@#####<#
#......# ##.#.#.....#
#......###..#.#.#####
####......##..##.#...#.#
...'......##.###.###.#.#
####......#..# #.#.#.#.#
#......'.## #.#.#.#.#
#......### #...#.#.#
##'##### ###.#.#.#


There were no monsters in sight!

Vanquished Creatures
  Pikel (D:5)
  Psyche (D:8)
  2 trolls
  Grinder (D:5)
  Eustachio (D:5)
  A basilisk (D:8)
  Edmund (D:5)
  2 orc warriors
  4 porcupines (D:8)
  2 sky beasts
  A phantom (D:5)
  A slave (D:4)
  3 wolves (D:8)
  3 centaurs
  6 ogres
  4 crocodiles (D:8)
  2 big kobolds (D:7)
  5 bullfrogs
  A scorpion (D:4)
  10 killer bees (D:8)
  2 howler monkeys (D:5)
  7 wights
  3 jellies (D:9)
  5 orc priests
  13 orc wizards
  A centaur skeleton (D:5)
  4 hounds
  2 bullfrog skeletons
  2 iguanas
  6 worker ants
  A hound skeleton (D:6)
  16 adders
  A shadow imp (D:5)
  5 oozes (D:9)
  An adder zombie (D:9)
  2 dart slugs
  3 worms
  7 leopard geckos
  29 orcs
  11 bats
  3 giant cockroaches
  4 goblins
  6 hobgoblins
  6 jackals
  11 kobolds
  2 quokkas (D:2)
  5 frilled lizards
  A jackal skeleton (D:4)
  A jackal zombie (D:5)
  A quokka zombie (D:6)
  8 rats
221 creatures vanquished.

Vanquished Creatures (collateral kills)
  Erica (D:8)
  A slave (D:4)
  An ogre (D:4)
  A hound (D:4)
  A worm (D:4)
5 creatures vanquished.

Vanquished Creatures (others)
  A slave (D:5)
  A bullfrog skeleton (D:5)
  A leopard gecko (D:5)
  A fungus (D:8)
  A plant (D:8)
5 creatures vanquished.

Grand Total: 231 creatures vanquished

Notes
Turn   | Place    | Note
-------+----------+-------------------------------------------
     0 | D:1      | MisterOstroum the Demonspawn Transmuter began the quest for
                  | the Orb.
     0 | D:1      | Reached XP level 1. HP: 15/15 MP: 3/3
  1267 | D:1      | Gained mutation: Your flesh is heat resistant. (rF+)
                  | [demonic ancestry]
  1267 | D:1      | Reached XP level 2. HP: 13/21 MP: 5/5
  1687 | D:2      | Learned a level 2 spell: Sticks to Snakes
  1936 | D:2      | Reached XP level 3. HP: 28/28 MP: 6/6
  2450 | D:2      | Reached XP level 4. HP: 25/35 MP: 7/7
  2788 | D:3      | Found a burning altar of Makhleb.
  2918 | D:3      | Became a worshipper of Makhleb the Destroyer
  3528 | D:3      | Gained mutation: You have sharp fingernails. [demonic
                  | ancestry]
  3528 | D:3      | Reached XP level 5. HP: 27/42 MP: 8/8
  4312 | D:3      | Learned a level 4 spell: Ice Form
  5006 | D:4      | Noticed an ogre
  5084 | D:3      | Reached * piety under Makhleb
  5157 | D:4      | Reached skill level 1 in Ice Magic
  5157 | D:4      | Reached XP level 6. HP: 25/48 MP: 4/9
  5939 | D:4      | Found a basalt altar of Yredelemnul.
  6193 | D:5      | Entered Level 5 of the Dungeon
  6215 | D:5      | Gained mutation: You are partially covered in icy blue
                  | scales. (AC +2) [demonic ancestry]
  6215 | D:5      | Reached XP level 7. HP: 45/54 MP: 8/10
  6287 | D:5      | Found a staircase to the Ecumenical Temple.
  6383 | D:5      | Noticed Edmund
  6482 | D:5      | Reached skill level 5 in Transmutations
  6885 | D:5      | Noticed Pikel
  7374 | D:5      | Found a stormy altar of Qazlal.
  7790 | D:5      | Gained mutation: You are immune to clouds of flame.
                  | [demonic ancestry]
  7790 | D:5      | Reached XP level 8. HP: 37/61 MP: 3/11
  7795 | D:5      | Killed Pikel
  7795 | D:5      | Reached skill level 5 in Fighting
  7795 | D:5      | Reached skill level 5 in Unarmed Combat
  8067 | D:5      | Noticed Grinder
  8125 | D:5      | Paralysed by Grinder for 5 turns
  8145 | D:5      | Killed Grinder
  8304 | D:5      | Killed Edmund
  8503 | D:5      | Reached ** piety under Makhleb
  8883 | D:5      | Reached skill level 5 in Ice Magic
  9050 | D:5      | Noticed Eustachio
  9069 | D:5      | Killed Eustachio
  9069 | D:5      | Gained mutation: You are mostly covered in icy blue scales.
                  | (AC +3) [demonic ancestry]
  9069 | D:5      | Reached XP level 9. HP: 66/69 MP: 9/14
 10152 | D:6      | Reached skill level 1 in Invocations
 10626 | D:7      | Noticed a troll
 10659 | D:7      | Killed a troll
 11648 | D:8      | Noticed Psyche
 11658 | D:8      | Killed Psyche
 11775 | D:8      | Reached XP level 10. HP: 36/79 MP: 12/16
 12123 | D:8      | Reached *** piety under Makhleb
 12385 | D:8      | Found a staircase to the Lair.
 12427 | D:8      | Noticed Erica
 12969 | D:8      | Found a glowing golden altar of the Shining One.
 13357 | D:8      | Upgraded the game from 0.24-b1-44-g37ad8b309f to 0.24.0
 13844 | D:8      | Killed Erica
 13844 | D:8      | Reached skill level 5 in Spellcasting
 14486 | D:9      | Reached **** piety under Makhleb
 14551 | D:9      | Reached skill level 5 in Invocations
 14894 | D:10     | Entered Level 10 of the Dungeon
 15011 | D:10     | Found a white marble altar of Elyvilon.
 15013 | D:10     | Gained mutation: Your flesh is cold resistant. (rC+)
                  | [potion of mutation]
 15013 | D:10     | Gained mutation: Potions are less effective at restoring
                  | your health. [potion of mutation]
 15013 | D:10     | Gained mutation: Your flesh is very cold resistant. (rC++)
                  | [potion of mutation]
 15014 | D:10     | Lost mutation: Your flesh is very cold resistant. (rC++)
                  | [potion of mutation]
 15014 | D:10     | Lost mutation: Your flesh is cold resistant. (rC+) [potion
                  | of mutation]
 15014 | D:10     | Gained mutation: Your flesh is cold resistant. (rC+)
                  | [potion of mutation]
 15014 | D:10     | Gained mutation: You have large cloven feet. [potion of
                  | mutation]
 15014 | D:10     | Gained mutation: You are frail. (-10% HP) [potion of
                  | mutation]
 15014 | D:10     | Gained mutation: Your muscles are strong. (Str +2) [potion
                  | of mutation]
 15015 | D:10     | Lost mutation: You have large cloven feet. [potion of
                  | mutation]
 15015 | D:10     | Lost mutation: You are frail. (-10% HP) [potion of
                  | mutation]
 15015 | D:10     | Gained mutation: You expend magic power (3 MP) to
                  | strengthen your wands. [potion of mutation]
 15015 | D:10     | Gained mutation: Your flesh is very heat resistant. (rF++)
                  | [potion of mutation]
 15015 | D:10     | Gained mutation: You are clumsy. (Dex -2) [potion of
                  | mutation]
 15015 | D:10     | Gained mutation: Your muscles are very strong. (Str +4)
                  | [potion of mutation]
 15054 | D:10     | Lost mutation: Your muscles are very strong. (Str +4)
                  | [potion of mutation]
 15054 | D:10     | Lost mutation: You expend magic power (3 MP) to strengthen
                  | your wands. [potion of mutation]
 15054 | D:10     | Lost mutation: Your muscles are strong. (Str +2) [potion of
                  | mutation]
 15054 | D:10     | Gained mutation: You are frail. (-10% HP) [potion of
                  | mutation]
 15054 | D:10     | Gained mutation: You are very frail. (-20% HP) [potion of
                  | mutation]
 15054 | D:10     | Lost mutation: You are very frail. (-20% HP) [potion of
                  | mutation]
 15054 | D:10     | Gained mutation: You evolve. [potion of mutation]
 15109 | D:9      | Quit the game

Levels and vault maps discovered:
D:1:      dpeg_arrival_orchard, layout_rooms
D:2:      layout_basic
D:3:      layout_basic, makhleb_heckhound_becter
D:4:      layout_basic, yredelemnul_altar_generic
D:5:      layout_loops_ring, nicolae_overflow_crystal_walls, temple_fountains,
          serial_glass, glass_columns_a, glass_columns_a, glass_columns_b,
          glass_columns_a, glass_columns_a, glass_columns_a, first_ration,
          uniq_pikel, uniq_edmund, uniq_eustachio, uniq_grinder
D:6:      layout_loops_corners
D:7:      layout_basic
D:8:      layout_gridville, minmay_lair_entry_grove, basic_altar, eino_jars,
          uniq_erica, uniq_psyche
D:9:      layout_roguey, hangedman_little_slice_of_home
D:10:     layout_long_grid, elyvilon_altar_5
